 Dungeon Crawl Stone Soup version 0.23-a0-183-gf37f6fb (webtiles) character file.

399747 namelastname112 the Unseen (level 22, -2/200 HPs)
             Began as a Black Draconian Assassin on Sept 21, 2018.
             Was the Champion of Dithmenos.
             Slain by a frost giant
             ... wielding a +1 battleaxe of freezing
              (10 damage)
             ... on level 3 of the Depths.
             The game lasted 02:07:07 (64379 turns).

namelastname112 the Unseen (DrAs)                  Turns: 64379, Time: 02:07:08

Health: -2/200     AC: 20    Str: 19    XL:     22   Next: 25%
Magic:  23/34      EV: 30    Int: 19    God:    Dithmenos [******]
Gold:   3665       SH:  0    Dex: 22    Spells: 27/29 levels left

rFire    + . .     SeeInvis .   b - +6 arbalest "Damnation" {damnation}
rCold    + . .     Gourm    .   (shield currently unavailable)
rNeg     + + +     Faith    +   (armour unavailable)
rPois    ∞         Spirit   .   T - +2 hat
rElec    +         Reflect  .   w - +2 cloak {+Inv}
rCorr    +         Harm     .   x - +1 pair of gloves of the Realm of Zot {+Inv rCorr Int+4}
MR       +++++                  G - +1 pair of boots
Stlth    ++++++++++             B - amulet of faith
HPRegen  0.43/turn              u - ring "Diepump" {rF+ Stlth+}
MPRegen  0.24/turn              X - ring of protection from cold

@: mighty, agile, shadow-form, flying, hasted and slowed, wreathed by umbra,
drained, invisible
A: (breathe lightning), unfitting armour, big wings, hooves 1, stinger 1,
camouflage 1, clumsy 1, electricity resistance, cold-blooded, MP-powered wands,
AC +11
}: 2/15 runes: decaying, gossamer
a: Stop Flying, End Transformation, Shadow Step, Shadow Form, Renounce Religion,
Evoke Invisibility


You were on level 3 of the Depths.
You worshipped Dithmenos.
Dithmenos was exalted by your worship.
You were not hungry.
You were a swirling mass of dark shadows.
You visited 8 branches of the dungeon, and saw 41 of its levels.
You also visited: Ossuary.

You collected 4772 gold pieces.
You spent 1107 gold pieces at shops.

Inventory:

Hand Weapons
 a - a +10 quick blade of freezing
 b - the +6 arbalest "Damnation" (weapon) {damnation}
   (You found it on level 1 of the Vaults)
 S - a +3 blowgun
 U - the +7 lajatang of Order {silver, rMut}
   (You took it off a vampire knight on level 2 of the Depths)

   It protects you from mutation.
Missiles
 d - 734 bolts (quivered)
 e - 6 curare-tipped needles
 C - a needle of confusion
 O - 6 needles of frenzy
Armour
 l - the +0 pair of gloves of Agnosticism {rF+++ rC- rCorr SInv}
   (You acquired it on level 1 of the Depths)

   It renders you almost immune to fire.
   It makes you vulnerable to cold.
   It lets you see invisible.
   It provides partial protection from all sources of acid and corrosion.
 p - the +1 buckler of the Thirsty Moons {-Cast rElec rPois Slay+6}
   (You found it on level 1 of the Swamp)

   It affects your accuracy and damage with ranged weapons and melee attacks
   (+6).
   It insulates you from electricity.
   It protects you from poison.
   It prevents spellcasting.
 w - a +2 cloak of invisibility (worn)
 x - the +1 pair of gloves of the Realm of Zot (worn) {+Inv rCorr Int+4}
   (You acquired it on level 3 of the Elven Halls)

   It affects your intelligence (+4).
   It lets you turn invisible.
   It provides partial protection from all sources of acid and corrosion.
 G - a +1 pair of boots (worn)
 T - a +2 hat (worn)
Jewellery
 u - the ring "Diepump" (left hand) {rF+ Stlth+}
   (You took it off a deep elf annihilator on level 3 of the Elven Halls)

   [ring of stealth]

   It protects you from fire.
   It makes you more stealthy.
 B - an amulet of faith (around neck)
 R - an uncursed ring of protection from magic
 X - a ring of protection from cold (right hand)
Wands
 c - a wand of iceblast (78)
 i - a wand of clouds (3)
 n - a wand of flame (65)
 E - a wand of digging (46)
 F - a wand of acid (12)
 P - a wand of paralysis (45)
 Q - a wand of disintegration (46)
 V - a wand of polymorph (14)
 Z - a wand of scattershot (19)
Scrolls
 h - 18 scrolls of remove curse
 j - 11 scrolls of enchant weapon
 m - 8 scrolls of enchant armour
 r - 4 scrolls of teleportation
 t - 8 scrolls of fog
 y - 2 scrolls of holy word
 D - 12 scrolls of identify
 J - 2 scrolls of fear
 K - 8 scrolls of magic mapping
 N - a scroll of amnesia
Potions
 g - 7 potions of brilliance
 k - a potion of haste
 q - 4 potions of might
 s - 2 potions of mutation
 v - 10 potions of agility
 z - 10 potions of magic
 A - 4 potions of curing
 I - 3 potions of invisibility
 L - 3 potions of cancellation
 M - 4 potions of berserk rage
 W - a potion of resistance
 Y - 7 potions of ambrosia
Miscellaneous
 H - a lightning rod (inert)
Comestibles
 f - 31 rations


   Skills:
 - Level 17.5(16.1) Fighting
 - Level 13.2(11.9) Short Blades
 + Level 2.5(1.5) Staves
 + Level 13.7(12.4) Crossbows
 - Level 9.0(7.8) Throwing
 - Level 15.0(13.7) Dodging
 - Level 17.6(16.2) Stealth
 - Level 4.0(3.0) Shields
 - Level 4.2(3.2) Spellcasting
 - Level 4.6(3.6) Translocations
 - Level 8.8(7.7) Invocations
 - Level 16.0(14.6) Evocations


You had 27 spell levels left.
You knew the following spells:

 Your Spells              Type           Power        Failure   Level  Hunger
a - Blink                 Tloc           N/A          4%          2    ##.....

Your spell library contained the following spells:

 Spells                   Type           Power        Failure   Level  Hunger
 Apportation              Tloc           #.....       3%          1    None
 Gell's Gravitas          Tloc           #.........   10%         3    ###....
 Animate Skeleton         Necr           N/A          16%         1    None
 Confusing Touch          Hex            #.....       16%         1    None
 Corona                   Hex            #......      16%         1    None
 Magic Dart               Conj           #...         16%         1    None
 Shock                    Conj/Air       #...         16%         1    None
 Summon Small Mammal      Summ           #...         16%         1    None
 Call Imp                 Summ           #.......     22%         2    ##.....
 Ensorcelled Hibernation  Hex/Ice        #.....       22%         2    ##.....
 Passwall                 Tmut/Erth      #.......     22%         2    ##.....
 Slow                     Hex            #.......     22%         2    ##.....
 Swiftness                Chrm/Air       #.......     22%         2    ##.....
 Recall                   Summ/Tloc      N/A          22%         3    ###....
 Passage of Golubria      Tloc           N/A          32%         4    ####...
 Confuse                  Hex            #.......     41%         3    ###....
 Conjure Flame            Conj/Fire      #.......     41%         3    ###....
 Dazzling Spray           Conj/Hex       #.....       41%         3    ###....
 Ignite Poison            Fire/Tmut/Pois #.......     41%         3    ###....
 Mephitic Cloud           Conj/Pois/Air  #.......     41%         3    ###....
 Static Discharge         Conj/Air       #.......     41%         3    ###....
 Tukima's Dance           Hex            #.......     41%         3    ###....
 Airstrike                Air            #.........   83%         4    ####...
 Animate Dead             Necr           N/A          83%         4    ####...
 Petrify                  Tmut/Erth      #.......     83%         4    ####...
 Bolt of Magma            Conj/Fire/Erth #.........   99%         5    ######.
 Borgnjor's Vile Clutch   Necr/Erth      #.........   99%         5    ######.
 Fireball                 Conj/Fire      #.........   99%         5    ######.
 Iskenderun's Battlesphe  Conj/Chrm      #.......     99%         5    ######.
 Lee's Rapid Deconstruct  Erth           #.........   99%         5    ######.
 Lightning Bolt           Conj/Air       #.........   99%         5    ######.
 Metabolic Englaciation   Hex/Ice        #.........   99%         5    ######.
 Silence                  Hex/Air        #.........   99%         5    ######.
 Venom Bolt               Conj/Pois      #.........   99%         5    ######.
 Yara's Violent Unravell  Hex/Tmut       #.........   99%         5    ######.
 Bolt of Fire             Conj/Fire      #.........   100%        6    #######
 Darkness                 Hex            #.........   100%        6    #######
 Death Channel            Necr           #.........   100%        6    #######
 Invisibility             Hex            #.......     100%        6    #######
 Iron Shot                Conj/Erth      #.........   100%        6    #######
 Shadow Creatures         Summ           N/A          100%        6    #######
 Simulacrum               Ice/Necr       #.........   100%        6    #######
 Orb of Destruction       Conj           #.........   100%        7    #######
 Ring of Flames           Chrm/Fire      #.........   100%        7    #######
 Spellforged Servitor     Conj/Summ      #.........   100%        7    #######
 Ignition                 Fire           #.........   100%        8    #######


Dungeon Overview and Level Annotations

Branches:
Dungeon (15/15)            Temple (0/1) D:6            Lair (6/6) D:10
  Swamp (4/4) Lair:2       Spider (4/4) Lair:4        Slime (0/5) Lair:6
    Orc (2/2) D:11            Elf (3/3) Orc:2        Vaults (4/5) D:14
  Crypt (0/3) Vaults:2     Depths (3/5) D:15

Altars:
Ashenzari
Dithmenos
Elyvilon
Hepliaklqana
Makhleb
Okawaru
Qazlal
Ru
Sif Muna
Trog
Wu Jian
Beogh

Shops:
D:13 !(**   Orc:1 =   Orc:2 =(:[*   Elf:1 }   Vaults:1 %   Depths:2 *=[

Portals:
Hell: Depths:1 Depths:2

Annotations:
Lair:1 1 runed door, Sipn's ghost, journeyman OgTm
Lair:3 exclusion: 2 oklob plants
Lair:4 exclusion: oklob plant
Elf:2 3 runed doors
Depths:3 Asterion; the Enchantress


Innate Abilities, Weirdness & Mutations

((You can breathe wild blasts of lightning.))
Your glossy black scales are hard. (AC +11)
You cannot fit into any form of body armour.
Your large and strong wings let you fly indefinitely.
You are resistant to electric shocks. (rElec)
You are cold-blooded and may be slowed by cold attacks.
You have large cloven feet.
Your tail ends in a poisonous barb.
Your skin changes colour to match your surroundings (Stealth+).
You are clumsy. (Dex -2)
You expend magic power (3 MP) to strengthen your wands.


Message History

You completely miss something. Something hits you!!
* * * LOW HITPOINT WARNING * * *
You emit a cloud of dark smoke.
You feel drained. The frost giant closely misses you.
The spriggan air mage waves its arms in wide circles.
The air twists around and violently strikes you in flight!
Something hits you but does no damage. The frost giant barely misses you.
You hear a shout!
You hear a deafening roar!
You take 14 damage, and have 13/200 hp.
You don't have enough magic at the moment.
Magic courses through your body. Something hits you!!
* * * LOW HITPOINT WARNING * * *
You emit a cloud of dark smoke.
You feel drained.
The spriggan air mage completely misses you.
You take 11 damage, and have 2/200 hp.
You regained 22 mp, and now have 23/34 mp.
You don't have enough health at the moment.
You feel better. Something misses you.
The frost giant hits you with a battleaxe of freezing!!
You die...

#...#.###########..#
#...#.#÷§T§ii§.iii..
#.H...#÷##########.##
......#......# ....
..2(#'#......# #.i#
.!...........#.###.i#
..(.§........#..i...##
.............######.)#####
.........Q..Q.QCWi§g.......
#####.#......###{###..##.##
..#.####.###§# #.# .#
####.##.......# .# .# ###.
#.......# .# .# #.
##.......# . .#
#.###........# . .#
#...#.)))....# (#
#...#......###


You could see a frost giant, a tengu warrior and a spriggan air mage.

Vanquished Creatures
  2 juggernauts (Depths:2)
  the Lernaean hydra (Swamp:4)
  A caustic shrike (Depths:2)
  Saint Roka (Orc:2)
  Arachne (Spider:3)
  A titan (Depths:2)
  2 deep elf master archers (Elf:3)
  2 deep elf blademasters (Elf:3)
  The ghost of Saov the Warrior, an adept MiBe of Trog (Depths:1)
  3 thorn hunters
  Agnes (Spider:3)
  2 sphinxes
  Gastronok (Orc:1)
  A tengu reaver (Depths:3)
  5 fire giants
  9 frost giants
  2 orc warlords (Orc:2)
  10 deep elf sorcerers
  7 vault wardens
  2 ghost moths
  7 emperor scorpions
  3 deep elf elementalists (Elf:3)
  A ghoul (Vaults:4)
  20 very ugly things
  15 ironheart preservers
  3 spriggan defenders (Depths:3)
  10 stone giants
  A war gargoyle (Vaults:3)
  A vampire knight (Depths:2)
  4 entropy weavers
  The ghost of Moraad the Champion of Chaos, a journeyman DDFi of Makhleb (Spider:1)
  6 deep elf demonologists
  8 deep elf annihilators
  An ettin (Depths:2)
  8 deep elf death magi
  2 blizzard demons (Depths:1)
  5 fire dragons
  3 deep elf high priests (Elf:3)
  5 great orbs of eyes
  Fannar (D:11)
  11 yaktaur captains
  18 hydras
  Harold (D:7)
  2 rakshasas (Depths:3)
  10 centaur warriors
  9 ice dragons
  6 vault guards
  3 spriggan air magi
  A ghost crab (Swamp:4)
  A catoblepas (D:15)
  A shambling mangrove (Swamp:4)
  6 death knights
  6 deep troll shamans
  Erica (Orc:1)
  10 alligators
  10 dancing weapons
  26 two-headed ogres
  Urug (D:13)
  6 death yaks (Lair:6)
  A hell hog (Depths:1)
  9 ogre magi
  2 tengu warriors
  2 vampire magi
  3 deep troll earth magi
  A spriggan berserker (Depths:2)
  Nergalle (D:12)
  An orc high priest (Orc:2)
  Sonja (Lair:2)
  An iron troll (Depths:3)
  21 deep elf knights
  3 shadow wraiths
  15 skeletal warriors
  A fire crab (shapeshifter) (Vaults:1)
  2 spriggan druids
  2 sea snakes (shapeshifter)
  2 glowing orange brains (Depths:2)
  3 unseen horrors
  5 flayed ghosts
  8 wizards
  22 deep trolls
  A lindwurm (Swamp:4)
  13 swamp dragons
  Pikel (D:5)
  4 harpies (Vaults:4)
  11 deep elf archers
  4 phantasmal warriors
  8 ironbrand convokers
  A tengu zombie (D:15)
  A spectral wolf spider (Spider:1)
  11 orc knights
  A frost giant zombie (D:15)
  12 orb spiders
  A necromancer (D:15)
  23 wolf spiders
  5 oklob plants
  34 deep elf magi
  38 ugly things
  5 cyclopes
  A manticore (D:14)
  Maurice (Orc:1)
  9 orc sorcerers
  An elephant (shapeshifter) (Depths:2)
  2 moths of wrath
  3 elephants (Lair:5)
  8 black mambas
  3 torpor snails
  5 centaur zombies
  A guardian serpent (D:13)
  A gargoyle (D:15)
  A storm dragon simulacrum (Depths:1)
  6 vault sentinels
  2 spectral redbacks (Spider:1)
  26 spiny frogs
  7 komodo dragons
  A kobold demonologist (D:11)
  41 yaktaurs
  3 rime drakes
  2 ice devils (Depths:1)
  2 efreet
  8 demonic crawlers
  12 freezing wraiths
  A yaktaur (shapeshifter) (Vaults:4)
  A queen bee (Spider:2)
  5 trolls
  3 meliai (shapeshifter)
  A polar bear (Lair:5)
  13 tyrant leeches
  17 jumping spiders
  A shadow dragon simulacrum (Depths:1)
  2 wolf spider simulacra
  3 meliai (Spider:2)
  16 blink frogs
  2 spectral tarantellas (Spider:1)
  6 hornets
  7 dream sheep
  A spectral jumping spider (Spider:1)
  A stone giant simulacrum (Depths:1)
  A slime creature (shapeshifter) (Vaults:4)
  32 slime creatures
  A dream sheep (shapeshifter) (Vaults:3)
  4 bog bodies (Swamp:2)
  10 hippogriffs
  2 redbacks (shapeshifter)
  8 air elementals
  A spriggan (shapeshifter) (Depths:1)
  10 water elementals
  A frost giant simulacrum (Depths:1)
  5 shadows
  49 redbacks
  5 spriggans (Depths:3)
  24 tarantellas
  3 wraiths
  2 wyverns
  2 fire elementals (Elf:1)
  A steam dragon (shapeshifter) (Vaults:4)
  27 yaks
  4 basilisks
  3 hungry ghosts
  30 vampire mosquitoes
  A redback simulacrum (Spider:1)
  16 swamp worms
  6 wargs
  A spectral orb spider (Spider:1)
  12 insubstantial wisps
  2 acid dragons
  12 water moccasins
  8 hell hounds (Depths:1)
  7 porcupines
  6 ice beasts
  A tarantella simulacrum (Spider:1)
  A slave (D:5)
  Duvessa (D:7)
  12 swamp drakes
  2 black bears
  A human skeleton (D:15)
  61 orc warriors
  5 sky beasts
  2 spriggan simulacra (Depths:1)
  An eye of draining (D:12)
  An eye of draining (shapeshifter) (Vaults:2)
  31 ogres
  An ice dragon simulacrum (Depths:1)
  7 wolves
  12 boggarts
  24 centaurs
  A tengu (shapeshifter) (Depths:2)
  4 big kobolds
  29 bullfrogs
  13 crocodiles
  A yaktaur zombie (D:15)
  A tengu simulacrum (Depths:1)
  A deep troll simulacrum (Vaults:2)
  Dowan (D:7)
  An elf simulacrum (Vaults:1)
  2 earth elementals
  2 wyvern skeletons
  7 scorpions
  20 killer bees (Spider:2)
  11 wights
  6 howler monkeys
  6 electric eels
  2 bullfrog zombies (D:12)
  7 crimson imps
  7 centaur skeletons
  24 orc priests
  6 hounds
  Crazy Yiuf (D:2)
  2 bullfrog skeletons
  A jelly (D:8)
  41 orc wizards
  5 iguanas
  3 hell rats (Lair:2)
  6 worker ants
  2 hound zombies
  2 hound skeletons
  11 mummies (Ossuary)
  2 worker ant zombies
  10 adders
  3 gnolls (D:3)
  3 river rats (Lair:2)
  3 shadow imps
  2 white imps (Vaults:1)
  An ooze (D:5)
  An adder skeleton (D:4)
  2 worms (D:2)
  A dart slug (D:1)
  5 leopard geckos
  113 orcs
  3 ball pythons
  9 bats
  4 giant cockroaches
  9 goblins
  8 hobgoblins
  3 jackals (D:3)
  5 quokkas
  8 frilled lizards
  A giant cockroach zombie (D:6)
  A gnoll skeleton (Ossuary)
  3 goblin skeletons (Ossuary)
  A jackal skeleton (D:4)
  22 kobolds
  2 kobold skeletons (Ossuary)
  A leopard gecko skeleton (D:5)
  A leopard gecko zombie (D:5)
  2 orc skeletons (Ossuary)
  A quokka skeleton (D:6)
  A quokka zombie (D:7)
  16 rats
  11 rat skeletons (Ossuary)
  2 fungi
  2 plants
1742 creatures vanquished.

Vanquished Creatures (others)
  A vault warden (Vaults:3)
  A deep elf annihilator (Elf:3)
  An alligator (Swamp:4)
  A two-headed ogre (Vaults:3)
  A deep elf knight (Elf:3)
  2 lindwurms (Swamp:4)
  A harpy (Vaults:4)
  2 deep elf magi
  An ugly thing (Vaults:2)
  A hornet (Swamp:4)
  A boggart (Depths:3)
  A centaur (D:11)
  A wight (D:10)
  A crimson imp (D:10)
  An orc priest (Orc:2)
  An orc wizard (Orc:1)
  An adder (D:7)
  An adder zombie (D:6)
  An adder skeleton (D:6)
  8 orcs
  A kobold (D:12)
  21 fungi
  68 plants
119 creatures vanquished.

Grand Total: 1861 creatures vanquished

Notes
Turn   | Place    | Note
-------+----------+-------------------------------------------
     0 | D:1      | namelastname112 the Draconian Assassin began the quest for
                  | the Orb.
     0 | D:1      | Reached XP level 1. HP: 17/17 MP: 1/1
   164 | D:1      | Reached skill level 1 in Dodging
   308 | D:1      | Reached XP level 2. HP: 17/24 MP: 2/2
   710 | D:1      | Reached XP level 3. HP: 30/30 MP: 3/3
  1627 | D:2      | Found a runed door.
  1860 | D:2      | Noticed Crazy Yiuf
  1871 | D:2      | Killed Crazy Yiuf
  1871 | D:2      | Reached XP level 4. HP: 37/37 MP: 4/4
  2375 | D:3      | Reached XP level 5. HP: 31/44 MP: 5/5
  2439 | D:3      | Reached skill level 1 in Evocations
  3105 | D:4      | Reached XP level 6. HP: 11/51 MP: 2/7
  3620 | D:4      | Found a shadowy altar of Dithmenos.
  3632 | D:4      | Became a worshipper of Dithmenos the Shadowed
  4078 | D:4      | Your scales start taking on a glossy black colour.
  4078 | D:4      | Reached XP level 7. HP: 57/57 MP: 9/9
  4078 | D:4      | Gained mutation: You are resistant to electric shocks.
                  | (rElec) [Black Draconian growth]
  4183 | D:5      | Entered Level 5 of the Dungeon
  4680 | D:5      | Noticed Pikel
  4717 | D:5      | Killed Pikel
  4717 | D:5      | Reached skill level 5 in Short Blades
  4717 | D:5      | Reached skill level 5 in Stealth
  4717 | D:5      | Reached XP level 8. HP: 51/66 MP: 8/11
  5589 | D:6      | Reached * piety under Dithmenos
  5919 | D:6      | Reached skill level 5 in Evocations
  6162 | D:6      | Reached skill level 5 in Fighting
  6278 | D:6      | Found a staircase to the Ecumenical Temple.
  6361 | D:7      | Reached skill level 1 in Shields
  6361 | D:7      | Reached XP level 9. HP: 62/74 MP: 12/12
  6397 | D:7      | Noticed Dowan
  6398 | D:7      | Noticed Duvessa
  6422 | D:7      | Killed Duvessa
  6452 | D:7      | Killed Dowan
  6832 | D:7      | Noticed Harold
  6865 | D:7      | Killed Harold
  6986 | D:7      | Reached ** piety under Dithmenos
  7052 | D:8      | Noticed a two-headed ogre
  7061 | D:8      | Killed a two-headed ogre
  7061 | D:8      | Reached XP level 10. HP: 34/83 MP: 13/15
  7076 | D:8      | Reached skill level 5 in Throwing
  7685 | D:8      | Found a hazy altar of Hepliaklqana.
  7706 | D:8      | Found a sand-covered staircase.
  7715 | Ossuary  | Entered an ossuary
  8184 | Ossuary  | Reached *** piety under Dithmenos
  8270 | D:9      | Found an iron altar of Okawaru.
  8271 | D:9      | Found a sacrificial altar of Ru.
  8273 | D:9      | Found an ornate altar of the Wu Jian Council.
  8273 | D:9      | Found a white marble altar of Elyvilon.
  8275 | D:9      | Found a bloodstained altar of Trog.
  8276 | D:9      | Found a shadowy altar of Dithmenos.
  8505 | D:9      | Found a shattered altar of Ashenzari.
  8505 | D:9      | Found a deep blue altar of Sif Muna.
  8754 | D:9      | Noticed a two-headed ogre
  8760 | D:9      | Killed a two-headed ogre
  8760 | D:9      | Reached skill level 5 in Dodging
  8861 | D:10     | Entered Level 10 of the Dungeon
  9254 | D:10     | Gained mutation: You are clumsy. (Dex -2) [potion of
                  | mutation]
  9254 | D:10     | Gained mutation: You are frail. (-10% HP) [potion of
                  | mutation]
  9254 | D:10     | Gained mutation: You have a pair of small horns on your
                  | head. [potion of mutation]
  9799 | D:10     | Noticed a two-headed ogre
 10150 | D:10     | Found a staircase to the Lair.
 10423 | D:11     | Noticed a death knight
 10423 | D:11     | Noticed a skeletal warrior
 10423 | D:11     | Noticed a skeletal warrior
 10423 | D:11     | Noticed a phantasmal warrior
 10492 | Lair:1   | Entered Level 1 of the Lair of Beasts
 10592 | Lair:1   | Reached XP level 11. HP: 81/81 MP: 15/17
 11234 | Lair:1   | Found a runed door.
 11237 | Lair:1   | Noticed Sipn's ghost (journeyman OgTm)
 11279 | Lair:1   | Reached skill level 1 in Invocations
 12001 | Lair:2   | Found a staircase to the Swamp.
 12266 | Lair:2   | Reached **** piety under Dithmenos
 12652 | Lair:2   | Found a stormy altar of Qazlal.
 12653 | Lair:2   | Noticed an oklob plant
 12653 | Lair:2   | Noticed an oklob plant
 12653 | Lair:2   | Noticed an oklob plant
 13504 | Lair:2   | Noticed Sonja
 13510 | Lair:2   | Killed Sonja
 13968 | Lair:2   | Noticed an oklob plant
 14757 | Lair:3   | Noticed an oklob plant
 14908 | Lair:3   | Noticed an oklob plant
 14921 | Lair:3   | Killed an oklob plant
 15387 | Lair:3   | Noticed an oklob plant
 15580 | Lair:4   | Reached XP level 12. HP: 79/90 MP: 18/18
 16016 | Lair:4   | Found a hole to the Spider Nest.
 17004 | Lair:5   | Noticed an eight-headed hydra
 17019 | Lair:5   | Killed an eight-headed hydra
 17020 | Lair:5   | Reached skill level 10 in Short Blades
 17038 | Lair:5   | Reached ***** piety under Dithmenos
 18724 | Lair:6   | Entered Level 6 of the Lair of Beasts
 18724 | Lair:6   | Found a staircase to the Slime Pits.
 19087 | Lair:6   | Noticed a five-headed hydra
 19095 | Lair:6   | Noticed a death yak
 19095 | Lair:6   | Noticed a death yak
 19095 | Lair:6   | Noticed a death yak
 19095 | Lair:6   | Noticed a death yak
 19112 | Lair:6   | Noticed a death yak
 19113 | Lair:6   | Noticed a death yak
 19121 | Lair:6   | Killed a death yak
 19121 | Lair:6   | Reached XP level 13. HP: 39/99 MP: 20/20
 19134 | Lair:6   | Reached skill level 10 in Stealth
 19818 | Lair:6   | Reached skill level 10 in Evocations
 21293 | Lair:6   | HP: 5/101 [poisoned by a spiny frog]
 21299 | Lair:6   | HP: 5/101 [poisoned by a spiny frog]
 21307 | Lair:6   | HP: 5/101 [poisoned by a spiny frog]
 22009 | Lair:6   | Reached skill level 10 in Fighting
 23254 | Lair:6   | Identified the Handbook of Moulding and the Escort
 24307 | D:11     | Reached ****** piety under Dithmenos
 24534 | D:11     | Gained mutation: Your large and strong wings let you fly
                  | indefinitely. [Black Draconian growth]
 24534 | D:11     | Reached XP level 14. HP: 34/109 MP: 21/21
 25182 | D:11     | Found a roughly hewn altar of Beogh.
 25182 | D:11     | Found a staircase to the Orcish Mines.
 25334 | D:11     | Noticed Fannar
 25363 | D:11     | Killed Fannar
 25607 | D:12     | Noticed Nergalle
 25611 | D:12     | Killed Nergalle
 26720 | D:13     | Found Soepafae's Assorted Antiques.
 26728 | D:13     | Bought a runed dagger for 160 gold pieces
 26728 | D:13     | Bought a scroll labeled AGRUTT ORYNEYH for 32 gold pieces
 26748 | D:13     | Got a scorched cloak
 26759 | D:13     | Identified the +0 cloak "Cuhapyr" {rElec rPois rF-} (You
                  | acquired it on level 13 of the Dungeon)
 27039 | D:13     | Found Libeig's General Store.
 27045 | D:13     | Bought 3 needles of frenzy for 20 gold pieces
 27456 | D:13     | Found Gesoer's Weapon Shoppe.
 27470 | D:13     | Found Biylontoj's Distillery.
 27501 | D:13     | Bought a potion of heal wounds for 80 gold pieces
 27501 | D:13     | Bought a potion of heal wounds for 80 gold pieces
 27501 | D:13     | Bought a potion of heal wounds for 80 gold pieces
 27501 | D:13     | Bought a potion of curing for 48 gold pieces
 27516 | D:13     | Noticed Urug
 27518 | D:13     | Killed Urug
 27697 | D:14     | Found a gate to the Vaults.
 28179 | D:14     | Found a burning altar of Makhleb.
 28544 | D:15     | Entered Level 15 of the Dungeon
 28548 | D:15     | Found a staircase to the Depths.
 29087 | Orc:1    | Entered Level 1 of the Orcish Mines
 29114 | Orc:1    | Found Siofoki's Jewellery Emporium.
 29155 | Orc:1    | Noticed Erica
 29185 | Orc:1    | Killed Erica
 29344 | Orc:1    | Noticed Gastronok
 29353 | Orc:1    | Killed Gastronok
 29353 | Orc:1    | Reached XP level 15. HP: 56/118 MP: 17/22
 29559 | Orc:1    | Noticed Maurice
 29566 | Orc:1    | Reached skill level 10 in Dodging
 29577 | Orc:1    | Killed Maurice
 30000 | Orc:2    | Entered Level 2 of the Orcish Mines
 30032 | Orc:2    | Paralysed by an orc sorcerer for 2 turns
 30532 | Orc:2    | Noticed an orc warlord
 30827 | Orc:2    | Killed an orc warlord
 30858 | Orc:2    | Found a roughly hewn altar of Beogh.
 31202 | Orc:2    | Noticed an orc warlord
 31203 | Orc:2    | Noticed Saint Roka
 31297 | Orc:2    | Killed Saint Roka
 31313 | Orc:2    | Killed an orc warlord
 31546 | Orc:2    | Found Qeku Pimm's Antique Weapon Emporium.
 31690 | Orc:2    | Found Neulie's Jewellery Emporium.
 31706 | Orc:2    | Found Sorox's Antique Armour Emporium.
 31715 | Orc:2    | Bought a pair of glowing gloves for 225 gold pieces
 31754 | Orc:2    | Found Aloedag's General Store.
 31762 | Orc:2    | Bought a scroll of teleportation for 42 gold pieces
 31965 | Orc:2    | Found a staircase to the Elven Halls.
 31995 | Orc:2    | Found Refyt's Book Shoppe.
 32293 | Elf:1    | Entered Level 1 of the Elven Halls
 32912 | Elf:1    | Noticed a deep elf sorcerer
 32914 | Elf:1    | Killed a deep elf sorcerer
 33049 | Elf:1    | Found Vewag's Gadget Shoppe.
 33371 | Elf:1    | Noticed a deep elf sorcerer
 33380 | Elf:1    | Killed a deep elf sorcerer
 33663 | Elf:2    | Found a runed gate.
 33665 | Elf:2    | Found a runed gate.
 33668 | Elf:2    | Found a runed gate.
 33970 | Elf:2    | Reached XP level 16. HP: 129/129 MP: 24/24
 34574 | Elf:3    | Entered Level 3 of the Elven Halls
 35411 | Elf:3    | Found a deep blue altar of Sif Muna.
 35801 | Swamp:1  | Entered Level 1 of the Swamp
 36439 | Swamp:1  | Got a brightly glowing buckler
 36450 | Swamp:1  | Identified the +1 buckler of the Thirsty Moons {-Cast rElec
                  | rPois Slay+6} (You found it on level 1 of the Swamp)
 37510 | Swamp:3  | Noticed a thorn hunter
 37553 | Swamp:3  | Killed a thorn hunter
 38238 | Swamp:4  | Entered Level 4 of the Swamp
 38320 | Swamp:4  | Noticed the 27-headed Lernaean hydra
 38331 | Swamp:4  | Killed the 27-headed Lernaean hydra
 38361 | Swamp:4  | Reached XP level 17. HP: 106/138 MP: 26/26
 39402 | Swamp:4  | Got a decaying rune of Zot
 40644 | D:15     | Reached skill level 15 in Fighting
 41277 | Spider:1 | Entered Level 1 of the Spider Nest
 41392 | Spider:1 | Found a runed gate.
 41392 | Spider:1 | Found a runed gate.
 41392 | Spider:1 | Found a runed gate.
 41392 | Spider:1 | Noticed Moraad's ghost (journeyman DDFi)
 41454 | Spider:1 | Killed Moraad's ghost
 41749 | Spider:1 | Lost mutation: You are frail. (-10% HP) [potion of
                  | mutation]
 41749 | Spider:1 | Lost mutation: You have a pair of small horns on your head.
                  | [potion of mutation]
 41749 | Spider:1 | Gained mutation: Your skin changes colour to match your
                  | surroundings (Stealth+). [potion of mutation]
 41749 | Spider:1 | Gained mutation: You have large cloven feet. [potion of
                  | mutation]
 41749 | Spider:1 | Gained mutation: Your tail ends in a poisonous barb.
                  | [potion of mutation]
 41749 | Spider:1 | Gained mutation: You expend magic power (3 MP) to
                  | strengthen your wands. [potion of mutation]
 42257 | Spider:2 | Reached skill level 15 in Stealth
 43833 | Spider:3 | Noticed Agnes
 43845 | Spider:3 | Killed Agnes
 44061 | Spider:3 | Reached XP level 18. HP: 165/165 MP: 28/28
 44100 | Spider:3 | Noticed Arachne
 44133 | Spider:3 | Killed Arachne
 44455 | Spider:4 | Entered Level 4 of the Spider Nest
 45307 | Spider:4 | Got a gossamer rune of Zot
 45839 | Elf:3    | Reached skill level 5 in Invocations
 46283 | Elf:3    | Got a fine copper ring
 46286 | Elf:3    | Identified the ring "Diepump" {rF+ Stlth+} (You took it off
                  | a deep elf annihilator on level 3 of the Elven Halls)
 46308 | Elf:3    | Got a pair of brightly glowing gloves
 46309 | Elf:3    | Identified the +1 pair of gloves of the Realm of Zot {+Inv
                  | rCorr Int+4} (You acquired it on level 3 of the Elven
                  | Halls)
 46820 | Elf:3    | HP: 3/168 [deep elf annihilator/crystal spear (52)]
 47460 | Vaults:1 | Entered Level 1 of the Vaults
 47637 | Vaults:1 | Reached XP level 19. HP: 114/174 MP: 30/30
 47664 | Vaults:1 | Reached skill level 15 in Evocations
 48199 | Vaults:1 | Found Zaapp's Food Shop.
 48278 | Vaults:1 | Found the +6 arbalest "Damnation" {damnation}
 48466 | Vaults:1 | Reached skill level 1 in Crossbows
 49459 | Vaults:2 | Reached skill level 5 in Crossbows
 51068 | Vaults:2 | Found a staircase to the Crypt.
 51193 | Vaults:2 | Noticed a Brimstone Fiend
 53063 | Vaults:3 | Reached XP level 20. HP: 183/183 MP: 31/31
 53380 | Vaults:3 | HP: 3/184 [fire giant/bolt of fire (11)]
 54846 | Vaults:3 | Noticed a golden dragon
 56573 | Vaults:4 | Reached skill level 15 in Dodging
 56699 | Vaults:4 | HP: 9/184 [yaktaur captain/bolt (21)]
 57190 | Vaults:4 | Reached XP level 21. HP: 171/192 MP: 33/33
 58385 | Depths:1 | Entered Level 1 of the Depths
 58431 | Depths:1 | Found a runed gate.
 58431 | Depths:1 | Found a runed gate.
 58438 | Depths:1 | Found a runed gate.
 58439 | Depths:1 | Noticed Saov's ghost (adept MiBe)
 59041 | Depths:1 | Reached skill level 10 in Crossbows
 59332 | Depths:1 | Got a pair of warped gloves
 59333 | Depths:1 | Identified the +0 pair of gloves of Agnosticism {rF+++ rC-
                  | rCorr SInv} (You acquired it on level 1 of the Depths)
 59368 | Depths:1 | Found a gateway to Hell.
 59959 | Depths:1 | Killed Saov's ghost
 60372 | Depths:1 | Got a fine cloak
 60373 | Depths:1 | Identified the +1 cloak of Diejex {rF+ MR- rCorr} (You
                  | found it on level 1 of the Depths)
 60383 | Depths:1 | Got the ring "Quut" {Fire}
 60507 | D:13     | Bought a book of Minor Magic for 340 gold pieces
 60510 | D:13     | Learned a level 2 spell: Blink
 60898 | Depths:2 | Reached skill level 1 in Translocations
 60902 | Depths:2 | Reached skill level 1 in Spellcasting
 61059 | Depths:1 | Identified the ring "Quut" {Fire rPois Int-3 Dex+4} (You
                  | took it off a frost giant on level 1 of the Depths)
 61944 | Depths:2 | Found Afys's Armour Emporium.
 61944 | Depths:2 | Found Gecroifirgh's Jewellery Shoppe.
 61973 | Depths:2 | Noticed a caustic shrike
 61980 | Depths:2 | Killed a caustic shrike
 62293 | Depths:2 | Noticed a juggernaut
 62295 | Depths:2 | Noticed a juggernaut
 62776 | Depths:2 | Found Jimit's General Store.
 62810 | Depths:2 | Killed a juggernaut
 62948 | Depths:2 | Killed a juggernaut
 63426 | Depths:3 | Reached XP level 22. HP: 185/200 MP: 29/34
 63939 | Depths:3 | Reached skill level 1 in Staves
 63949 | Depths:3 | Noticed Asterion
 64346 | Depths:3 | Noticed the Enchantress
 64378 | Depths:3 | HP: 2/200 [something (11)]
 64379 | Depths:3 | Slain by a frost giant

Vault maps used:
D:1:      dpeg_arrival_circle_labyrinth_a
D:2:      uniq_crazy_yiuf_cottage
D:3:      first_ration, dk_noncrumbling_3
D:4:      grunt_dithmenos_smoke_and_mirrors
D:5:      uniq_pikel
D:6:      lemuel_temple_firewalk_a
D:7:      uniq_harold, uniq_duvessa
D:8:      lemuel_crystal_altar, nicolae_ossuary_entry_ruins
D:9:      grunt_temple_overflow_open, gammafunk_temple_overflow_statue
D:10:     dpeg_oklobed_lair, blue_anna_alchemist, kennysheep_generic_room_14
D:11:     david_orc_5, uniq_fannar
D:12:     uniq_nergalle
D:13:     serial_shops, nicolae_shop_overgrown_old_shop,
          nicolae_shop_temple_entry_statues_fountains, shop_statue, shop,
          nrook_guardian_serpent_double, uniq_urug
D:14:     hangedman_vaults_entry_quadrant_bands, minmay_misc_feat_rows,
          basic_altar, statue_in_the_mist_lemuel, nicolae_underground_beach
D:15:     gammafunk_depths_entry_grave, grunt_decor_cap
Lair:1:   gammafunk_ghost_grave, st_stairs_8, guppyfry_lair_drakes
Lair:2:   minmay_swamp_entry_wisps, basic_altar, kennysheep_abandoned_house,
          minmay_lair_oklob_chamber, grunt_megastairs_2, uniq_sonja
Lair:3:   minmay_lair_oklob_tunnel, infiniplex_staircase_pool_2
Lair:4:   dummy_spider_entry
Lair:5:   serial_bayou_lake_a, grunt_megastairs_5
Lair:6:   minmay_lair_end_frog_pond, slime_dummy
Swamp:1:  evilmike_swamp_ruin_rubble_1, infiniplex_staircase_pool
Swamp:2:  evilmike_swamp_ruin_house_5, swamp_pool1
Swamp:3:  evilmike_swamp_ruin_house_2
Swamp:4:  swamp_alternative, swamp_pool1, hangedman_swamp_diagram
Spider:1: gammafunk_ghost_necromancy
Spider:2: special_room, nicolae_spider_cling_halls
Spider:3: uniq_agnes, uniq_arachne
Spider:4: grunt_spider_rune_circles
Orc:1:    serial_shops, shop, nicolae_orc_pool_cavern, uniq_maurice,
          uniq_gastronok, uniq_erica
Orc:2:    grunt_orc_cross, serial_shops, nicolae_shop_behind_doors,
          uniq_saint_roka
Elf:1:    serial_sigils, serial_sigils_hangedman_scratch,
          serial_sigils_hangedman_snap, serial_sigils_hangedman_gut,
          serial_sigils_hangedman_leer, serial_sigils_hangedman_writhe,
          serial_sigils_hangedman_stare, serial_shops, shop,
          hangedman_elf_disciples
Elf:3:    elf_hall, st_stairs_12, lemuel_blue_sif_altar
Vaults:1: hangedman_vaults_nails, grunt_vaults_swirl, v_misc_5, v_misc_3,
          nicolae_vaults_yaktaur_gun_rack, ontoclasm_vaults_twist,
          hangedman_vaults_stream, serial_ice_b, v_misc_17, serial_shops,
          shop_statue
Vaults:2: vaults_dpeg_cross, hangedman_vaults_nodes, nicolae_vaults_asterisk,
          minmay_crypt_entry_simple_walls, hangedman_vaults_cutoff, v_misc_15,
          ontoclasm_vaults_hangar, nicolae_vaults_what_the_h,
          ontoclasm_vaults_loading_screen
Vaults:3: grunt_vaults_funnel, v_misc_14, ontoclasm_vaults_idyll,
          nicolae_vaults_little_squares_1, ontoclasm_vaults_idyll,
          vaults_mumra_minichess_inversion, ontoclasm_vaults_fault, v_misc_5,
          nicolae_vaults_meeting, vaults_mumra_hex,
          nicolae_vaults_specimen_jars, vaults_room_door_ring, v_misc_18,
          nicolae_vaults_circle_grid_a
Vaults:4: vaults_room_fancy_cross, hangedman_vaults_nails, v_misc_18,
          ontoclasm_vaults_loading_screen, nicolae_vaults_shelves_hall,
          v_misc_19, hangedman_vaults_corner_blocks, hangedman_vaults_pinch,
          nicolae_vaults_big_ls, vaults_standard_mumra_enter_the_diamond,
          v_misc_22, nicolae_vaults_mini_display_case,
          nicolae_vaults_little_squares_4
Depths:1: gammafunk_ghost_icy, grunt_hell_horde, minmay_gold_behind_fungi,
          kennysheep_generic_room_9, serial_bayou_shore_b
Depths:2: minmay_the_grid_triangle_9x9_rhombus_thin,
          minmay_staircase_statues_hall_small, serial_shops, shop, hell_entry,
          minivault_22, minmay_shoptagon
Depths:3: cheibrodos_quadrivalence, hell_entry, grunt_pan_entry_zigzag,
          serial_bayou_shore_b, infiniplex_staircase_river,
          serial_bayou_shore_b, uniq_enchantress, uniq_asterion
Ossuary:  ossuary_due_small_catacomb

Skill      XL: |  1  2  3  4  5  6  7  8  9 10 11 12 13 14 15 16 17 18 19 20 21 22 |
---------------+-------------------------------------------------------------------+-----
Dodging        | 1 2 3 4 5 6 7 8 9 11 12 13 14 15 | 15.0
Throwing       | 2 3 4 5 6 7 8 9 |  9.0
Stealth        | 4 5 6 7 8 9 11 12 13 14 15 16 17 | 17.6
Short Blades   | 3 4 5 6 7 8 9 10 11 12 13 | 13.2
Evocations     | 1 2 4 5 6 8 9 10 11 13 14 15 16 | 16.0
Fighting       | 3 4 5 6 7 9 10 11 13 14 15 16 17 | 17.5
Shields        | 1 2 4 |  4.0
Invocations    | 3 7 8 |  8.8
Crossbows      | 7 12 13 | 13.7
Translocations | 4 |  4.6
Spellcasting   | 4 |  4.2
Staves         | 2 |  2.5

Action                   |  1- 3 |  4- 6 |  7- 9 | 10-12 | 13-15 | 16-18 | 19-21 | 22-24 || total
-------------------------+-------+-------+-------+-------+-------+-------+-------+-------++-------
Melee: Dagger            |   104 |   184 |   199 |   322 |       |       |       |       ||   809
       Tailslap          |     9 |    10 |    70 |   159 |   296 |   294 |   328 |     5 ||  1171
       Short sword       |       |       |   317 |   869 |   867 |       |       |       ||  2053
       Headbutt          |       |       |       |   186 |   369 |   202 |       |       ||   757
       Quick blade       |       |       |       |       |  1067 |  1774 |  1747 |    42 ||  4630
       Kick              |       |       |       |       |       |    81 |       |       ||    81
       Arbalest          |       |       |       |       |       |       |       |     3 ||     3
       Lajatang          |       |       |       |       |       |       |       |     2 ||     2
 Fire: Blowgun           |     4 |    25 |    12 |     7 |       |       |       |     8 ||    56
       Arbalest          |       |       |       |       |       |       |   247 |    58 ||   305
Throw: Throwing net      |       |       |       |       |       |       |     1 |       ||     1
 Cast: Blink             |       |       |       |       |       |       |    24 |     7 ||    31
Invok: Shadow Step       |       |       |       |       |     4 |     6 |     2 |       ||    12
       Shadow Form       |       |       |       |       |       |       |     1 |     1 ||     2
 Abil: Evoke Invisibilit |       |     1 |     8 |    12 |    33 |    17 |     9 |       ||    80
       Breathe Lightning |       |       |     4 |     9 |    17 |     1 |    14 |     3 ||    48
       Fly               |       |       |       |       |     2 |       |       |       ||     2
       Stop Flying       |       |       |       |       |     1 |       |       |       ||     1
Evoke: Wand              |       |       |     1 |    12 |    14 |    11 |     1 |    10 ||    49
       Lightning rod     |       |       |       |       |    11 |       |     2 |     4 ||    17
  Use: Potion            |       |     4 |     1 |     3 |     5 |     9 |     4 |    11 ||    37
       Scroll            |       |       |    16 |     8 |     8 |    15 |    18 |     2 ||    67
 Stab: Sleeping          |    14 |     8 |    10 |    34 |    80 |    82 |    87 |       ||   315
       Invisible         |       |       |    28 |    44 |   134 |    99 |    42 |       ||   347
       Paralysed         |       |       |       |     1 |       |       |     1 |       ||     2
       Distracted        |       |       |       |       |     5 |    11 |    10 |       ||    26
  Eat: Chunk             |     2 |     4 |     8 |    19 |    22 |    21 |    16 |       ||    92
       Ration            |       |     1 |     4 |     8 |    12 |     9 |    11 |     2 ||    47
Armor: Skin              |    28 |    55 |    92 |   138 |   156 |   200 |   169 |    16 ||   854
Dodge: Dodged            |    59 |   126 |   305 |   552 |   814 |   853 |   835 |   111 ||  3655
Block: Buckler           |       |       |    19 |   144 |   204 |   223 |   191 |       ||   781

Table legend:
 A = Non-vault XP
 B = Vault XP
 C = Vault XP percentage of total XP
 D = Non-vault monster count
 E = Vault monster count
 F = Vault count percentage of total count
                 A         B        C        D         E       F
            +---------+---------+-------+---------+---------+-------
      Total |  449542 |  292327 |  39.4 |    1214 |     531 |  30.4
            +---------+---------+-------+---------+---------+-------
        D:1 |      49 |       0 |   0.0 |      28 |       0 |   0.0
        D:2 |      42 |      41 |  49.4 |      17 |       1 |   5.6
        D:3 |     104 |       0 |   0.0 |      25 |       0 |   0.0
        D:4 |     531 |       0 |   0.0 |      17 |       0 |   0.0
        D:5 |     349 |     663 |  65.5 |      20 |       1 |   4.8
        D:6 |     925 |       0 |   0.0 |      27 |       0 |   0.0
        D:7 |    1321 |    1214 |  47.9 |      23 |       3 |  11.5
        D:8 |    1538 |       0 |   0.0 |      11 |       0 |   0.0
        D:9 |    1657 |       0 |   0.0 |      11 |       0 |   0.0
       D:10 |    2754 |     226 |   7.6 |      23 |       2 |   8.0
       D:11 |    8324 |    1808 |  17.8 |      55 |      23 |  29.5
       D:12 |    7716 |     824 |   9.6 |      41 |       1 |   2.4
       D:13 |    6764 |    1307 |  16.2 |      29 |       2 |   6.5
       D:14 |    5557 |    6418 |  53.6 |      24 |      21 |  46.7
       D:15 |    7620 |    4417 |  36.7 |      22 |       8 |  26.7
     Lair:1 |    2970 |     363 |  10.9 |      11 |       3 |  21.4
     Lair:2 |    3695 |    5362 |  59.2 |      13 |      28 |  68.3
     Lair:3 |     210 |     566 |  72.9 |       2 |       1 |  33.3
     Lair:4 |    3829 |       0 |   0.0 |      20 |       0 |   0.0
     Lair:5 |    6942 |    1760 |  20.2 |      26 |       4 |  13.3
     Lair:6 |   13298 |   11982 |  47.4 |      39 |      47 |  54.7
    Swamp:1 |   10933 |       0 |   0.0 |      25 |       0 |   0.0
    Swamp:2 |   13303 |       0 |   0.0 |      31 |       0 |   0.0
    Swamp:3 |    9053 |       0 |   0.0 |      26 |       0 |   0.0
    Swamp:4 |   10506 |   19575 |  65.1 |      19 |      25 |  56.8
   Spider:1 |    4254 |    4226 |  49.8 |      15 |      11 |  42.3
   Spider:2 |   19168 |    2406 |  11.2 |      44 |      24 |  35.3
   Spider:3 |    9525 |    5587 |  37.0 |      28 |       2 |   6.7
   Spider:4 |    5739 |   22558 |  79.7 |      15 |      41 |  73.2
      Orc:1 |    4566 |    3749 |  45.1 |      46 |       4 |   8.0
      Orc:2 |    6761 |   12810 |  65.5 |      63 |      46 |  42.2
      Elf:1 |   13648 |    6038 |  30.7 |      23 |       9 |  28.1
      Elf:2 |   12485 |    3040 |  19.6 |      24 |       4 |  14.3
      Elf:3 |   16343 |   42941 |  72.4 |      23 |      29 |  55.8
   Vaults:1 |   28793 |    7584 |  20.8 |      61 |      20 |  24.7
   Vaults:2 |   41596 |   15519 |  27.2 |      59 |      17 |  22.4
   Vaults:3 |   36695 |   36142 |  49.6 |      51 |      44 |  46.3
   Vaults:4 |   32941 |   24135 |  42.3 |      48 |      34 |  41.5
   Depths:1 |   29648 |   11335 |  27.7 |      47 |      24 |  33.8
   Depths:2 |   36632 |   31920 |  46.6 |      46 |      13 |  22.0
   Depths:3 |   30758 |    5589 |  15.4 |      36 |       9 |  20.0
    Ossuary |       0 |     222 | 100.0 |       0 |      30 | 100.0
            +---------+---------+-------+---------+---------+-------
